 Dungeon Crawl Stone Soup version 0.26.1-11-gd32895ea62 (webtiles) character file.

Game seed: 4370024018161088035

1333 Arcadio the Covert (level 8, 0/50 HPs)
             Began as an Octopode Brigand on May 22, 2021.
             Was an Initiate of Fedhas.
             Slain by an orc
             ... wielding a +0 flail
              (8 damage)
             ... on level 6 of the Dungeon.
             The game lasted 00:10:49 (9242 turns).

Arcadio the Covert (Octopode Brigand)               Turns: 9242, Time: 00:10:49

Health: 0/50       AC:  1    Str: 10    XL:     8   Next: 61%
Magic:  8/8        EV: 13    Int: 14    God:    Fedhas [......]
Gold:   248        SH:  0    Dex: 15    Spells: 7/7 levels left

rFire    . . .     SeeInvis .   a - +2 dagger
rCold    . . .     Faith    +   (no shield)
rNeg     . . .     Spirit   .   (helmet restricted)
rPois    .         Reflect  .   f - amulet of faith
rElec    .         Harm     .   (no ring)
rCorr    .         Rampage  .   (no ring)
Will     .....                  (no ring)
Stlth    ++++++....             (no ring)
HPRegen  0.16/turn              (no ring)
MPRegen  0.11/turn              (no ring)
                                (no ring)
                                (no ring)

@: no status effects
A: almost no armour, stealthy swim, amphibious, 8 rings, constrict 8, camouflage
1, gelatinous body 1
a: Renounce Religion


You were on level 6 of the Dungeon.
You worshipped Fedhas.
Fedhas was noncommittal.
You visited 2 branches of the dungeon, and saw 8 of its levels.

You collected 248 gold pieces.

Inventory:

Hand Weapons
 a - a +2 dagger (weapon)
Missiles
 b - 68 poisoned darts (quivered)
 c - 2 curare-tipped darts
 u - 5 atropa-tipped darts
Armour
 n - a +2 buckler
Jewellery
 f - an amulet of faith (around mantle)
 p - an uncursed amulet of magic regeneration
Wands
 r - a wand of disintegration (5)
 x - a wand of flame (23)
 y - a wand of digging (5)
Scrolls
 e - 3 scrolls of remove curse
 h - a scroll of blinking
 k - 3 scrolls of teleportation
 l - a scroll of amnesia
 m - a scroll of identify
 o - a scroll of fog {unknown}
 q - a scroll of random uselessness {unknown}
 s - a scroll of magic mapping {unknown}
 t - a scroll of enchant armour {unknown}
 v - a scroll of enchant weapon {unknown}
 w - 3 scrolls of torment {unknown}
Potions
 d - a potion of attraction
 g - 2 potions of brilliance
 i - a potion of mutation
 j - 4 potions of resistance


   Skills:
 - Level 2.0 Fighting
 + Level 7.5 Short Blades
 - Level 2.0 Throwing
 - Level 1.0 Dodging
 + Level 11.3 Stealth


You had 7 spell levels left.
You didn't know any spells.
Your spell library was empty.

Dungeon Overview and Level Annotations

Branches:
Dungeon (7/15)             Temple (1/1) D:5

Altars:
Ashenzari
Cheibriados
Elyvilon
Fedhas
Hepliaklqana
Kikubaaqudgha
Makhleb
Nemelex Xobeh
Okawaru
Qazlal
Ru
Sif Muna
Trog
Uskayaw
Vehumet
Wu Jian
Xom
Yredelemnul
The Shining One

Shops:
D:6 (

Annotations:
D:3 1 runed translucent door
D:4 2 transporters, Soul3d's ghost, amateur DEIE
D:6 2 transporters


Innate Abilities, Weirdness & Mutations

You cannot wear most types of armour.
You are very stealthy in the water. (Stealth+)
You are amphibious.
You can wear up to eight rings at the same time.
You can use your tentacles to constrict eight enemies at once.
Your skin changes colour to match your surroundings (Stealth+).
Your rubbery body absorbs attacks. (AC +1, EV +1)


Message History

The wight is heavily damaged.
You constrict the wight. The wight closely misses you.
You hit the wight.
You squeeze the wight, but do no damage.
The wight is almost destroyed.
You constrict the wight, but do no damage.
The orc closely misses you.
You hit the wight but do no damage.
You squeeze the wight, but do no damage.
The wight is almost destroyed.
You constrict the wight.
You destroy the wight!
Fedhas accepts your kill.
Your life force feels restored.
Things that are here:
a +2 battleaxe; a +1 robe of cold resistance You see here a +0 giant club.
The orc hits you with a +0 flail!
You die...
Fedhas appreciates your contribution to the ecosystem.

####........##......#
#.#.##.#
#.......##.##......#
#......#
#....#.............#
###.####
#....#.#######.....# #).#
#...##.# #.....# #(##
######.# ########## #.#
#.# ###...###.# #.#
########.........# #.#
#.....@..#...#.### #.#
#.#####o.##.##.# #
#.###.##...o....##.#
#######)...(...##..#####.#
.[>)..).....#####..#####.#
#####.#.##..#####........#
..# #.#.##........########
#.# #...##.######## #.#
#..###.#


You could see 2 orcs.

Vanquished Creatures
  A water moccasin (D:6)
  A sky beast (D:6)
  A black bear (D:6)
  2 ogres (D:6)
  2 centaurs
  A bullfrog (D:6)
  2 wights (D:6)
  2 howler monkeys (D:5)
  A centaur skeleton (D:4)
  2 hounds (D:4)
  Jessica (D:2)
  2 iguanas
  2 orc wizards (D:4)
  5 worker ants
  A worker ant zombie (D:6)
  3 adders
  A howler monkey skeleton (D:4)
  An ooze (D:1)
  An adder skeleton (D:2)
  4 worms
  3 dart slugs
  5 leopard geckos
  6 orcs
  8 bats
  9 giant cockroaches
  6 goblins
  5 hobgoblins
  5 jackals (D:2)
  5 kobolds
  3 quokkas
  2 ball pythons
  2 frilled lizards (D:2)
  A giant cockroach zombie (D:5)
  A quokka skeleton (D:2)
  4 rats
101 creatures vanquished.

Vanquished Creatures (others)
  An ufetubus (D:4)
  A bush (D:6)
  6 plants (D:4)
8 creatures vanquished.

Grand Total: 109 creatures vanquished

Notes
Turn   | Place    | Note
-------+----------+-------------------------------------------
     0 | D:1      | Arcadio the Octopode Brigand began the quest for the Orb.
     0 | D:1      | Reached XP level 1. HP: 14/14 MP: 1/1
   145 | D:1      | Reached XP level 2. HP: 19/19 MP: 2/2
   605 | D:2      | Reached skill level 6 in Stealth
   968 | D:2      | Reached XP level 3. HP: 21/24 MP: 3/3
  1253 | D:2      | Noticed Jessica
  1262 | D:2      | Killed Jessica
  1263 | D:2      | Reached XP level 4. HP: 29/29 MP: 4/4
  2005 | D:2      | Found a snail-covered altar of Cheibriados.
  2476 | D:3      | Found an ornate altar of the Wu Jian Council.
  2517 | D:3      | Found a runed translucent door.
  2517 | D:3      | Noticed a human
  2552 | D:3      | Found a basalt altar of Yredelemnul.
  2630 | D:3      | Reached skill level 7 in Stealth
  2896 | D:3      | Found a radiant altar of Vehumet.
  2899 | D:3      | Found an iron altar of Okawaru.
  2902 | D:3      | Found a broken altar of Ashenzari.
  2916 | D:3      | Found a sacrificial altar of Ru.
  3303 | D:4      | Reached XP level 5. HP: 33/34 MP: 5/5
  3728 | D:4      | Reached XP level 6. HP: 39/39 MP: 6/6
  3897 | D:4      | Noticed Soul3d's ghost (amateur DEIE)
  3923 | D:4      | Found a transporter.
  3933 | D:4      | Found a transporter.
  4086 | D:5      | Entered Level 5 of the Dungeon
  4093 | D:5      | Reached skill level 8 in Stealth
  4585 | D:4      | Reached skill level 5 in Short Blades
  5856 | D:3      | Reached XP level 7. HP: 43/45 MP: 7/7
  5873 | D:5      | Reached skill level 9 in Stealth
  6533 | D:5      | Found a staircase to the Ecumenical Temple.
  6592 | Temple   | Entered the Ecumenical Temple
  6793 | Temple   | Became a worshipper of Fedhas Madash
  7184 | D:6      | Found Hifehylu's Antique Weapon Emporium.
  7238 | D:6      | Reached skill level 10 in Stealth
  8086 | D:6      | Noticed a two-headed ogre
  8087 | D:6      | Found a transporter.
  8087 | D:6      | Found a bloodstained altar of Trog.
  8099 | D:6      | Found a transporter.
  8285 | D:6      | Reached XP level 8. HP: 50/50 MP: 8/8
  8297 | D:6      | HP: 2/50 [poisoned by an adder]
  8305 | D:6      | HP: 2/50 [poisoned by an adder]
  8706 | D:6      | Found a white marble altar of Elyvilon.
  8769 | D:6      | Reached skill level 11 in Stealth
  9242 | D:6      | Slain by an orc

Illustrated notes

Levels and vault maps discovered:
D:1:      minmay_arrival_four_houses, layout_basic, serial_forest,
          infiniplex_forest_corner_1, infiniplex_forest_lined_2,
          infiniplex_forest_clump_long, infiniplex_forest_clump_curved,
          infiniplex_forest_clump_medium
D:2:      minmay_alternating_diamond, layout_rooms,
          nicolae_overflow_crystal_walls, grunt_decor_one_mirror,
          minmay_distorted, uniq_jessica
D:3:      minmay_wonky_spiral, layout_loops_cross,
          pdpol_wu_jian_five_deadly_venoms, grunt_temple_overflow_cloverleaf,
          hangedman_decor_growths, minmay_crystal_water,
          minmay_misc_feat_encased, dk_yredelemnul_ordeal
D:4:      layout_loops_ring, gammafunk_ghost_gnarly_gnolls
D:5:      layout_rooms, lemuel_temple_firewalk_b
D:6:      minmay_klotski, layout_loops_cross, gammafunk_temple_overflow_arena,
          kennysheep_mini, serial_shops, shop
D:7:      layout_basic, grunt_temple_overflow_gold_and_silver,
          grunt_dithmenos_smoke_and_mirrors
Temple:   minmay_temple_curvy_loop

Skill      XL: |  1  2  3  4  5  6  7  8 |
---------------+-------------------------+-----
Stealth        | 6 7 8 10 11 | 11.3
Short Blades   | 3 4 5 6 7 |  7.5
Fighting       | |  2.0
Throwing       | |  2.0
Dodging        | |  1.0

Action                   |  1- 3 |  4- 6 |  7- 9 || total
-------------------------+-------+-------+-------++-------
Melee: Dagger            |    52 |   144 |    84 ||   280
       Constrict         |    13 |    27 |    15 ||    55
       Tentacles         |     8 |    25 |    29 ||    62
Evoke: Wand              |       |       |     2 ||     2
  Use: Scroll            |     2 |     6 |     2 ||    10
       Potion            |       |     2 |     1 ||     3
 Stab: Sleeping          |     7 |    19 |     5 ||    31
       Distracted        |       |     1 |     1 ||     2
Armor: Skin              |    11 |    10 |     5 ||    26
Dodge: Dodged            |    42 |   113 |    47 ||   202
